Map: Vaani Research Station (Void)

Players

Ginn

  • Race: Zerg Zerg
  • League: Platinum
  • Spawn Location: 6:00

DuDz - Winner!

  • Race: Zerg Zerg
  • League: Platinum
  • Spawn Location: 12:00

VOD

Have the link to the VOD?

Description

Time

  • Played on: Jan. 23, 2017, 8:51 p.m.
  • Length: 12:57
Show
View Real Time Build Order
Export as new Build Order

Ginn Zerg 

Build Orders: Hatch First 

Get SALT Encoding   

  12  0:01  Drone  
  13  0:13  Overlord  
  13  0:18  Drone  
  14  0:34  Drone  
  14  0:35  Drone  
  16  0:36  Drone  
  17  0:57  Hatchery  
  17  0:59  Drone  
  17  1:02  Drone  
  18  1:15  Spawning Pool  
  18  1:18  Drone  
  18  1:22  Extractor  
  18  1:23  Drone  
  18  1:29  Drone  
  19  1:46  Overlord  
  19  1:51  Drone  
  20  2:02  Queen  
  22  2:09  Queen  
  22  2:10  Zergling x4  
  22  2:14  Zergling x2  
  27  2:20  Zergling x2  
  28  2:23  Metabolic Boost  
  28  2:26  Zergling x2  
  29  2:46  Drone x4  
  33  2:53  Overlord  
  33  2:56  Queen  
  35  3:03  Drone  
  36  3:11  Queen  
  38  3:13  Drone x4  
  42  3:26  Zergling x4, Baneling Nest  
  43  3:28  Overlord  
  42  3:46  Zergling x6  
  42  3:47  Zergling x6  
  46  4:03  Zergling x6, Overlord  
  40  4:27  Drone x7  
  40  4:28  Drone x2  
  40  4:29  Lair, Extractor  
  48  4:33  Pneumatized Carapace  
  48  4:35  Drone  
  49  4:39  Extractor  
  46  5:02  Drone x6  
  46  5:15  Zergling x4  
  46  5:16  Zergling x6  
  48  5:25  Zergling x2  
  47  5:40  Queen  
  49  5:48  Roach Warren  
  49  5:49  Queen  
  48  5:52  Drone x5  
  48  5:53  Overlord  
  52  6:05  Zergling x8  
  55  6:14  Zergling x4  
  57  6:21  Zergling x2  
  57  6:30  Zergling x4  
  52  6:47  Queen  
  52  6:52  Drone  
  52  6:53  Drone x3  
  52  6:54  Extractor  
  57  7:02  Overseer  
  57  7:04  Glial Reconstitution  
  57  7:08  Overlord x2, Roach  
  57  7:09  Roach x3  
  65  7:20  Hatchery  
  65  7:21  Evolution Chamber  
  63  7:22  Evolution Chamber  
  62  7:36  Zergling x2  
  62  7:37  Zergling x6, Roach x4  
  74  7:54  Roach  
  74  7:55  Roach x4  
  79  8:15  Roach x2  
  79  8:16  Roach  
  79  8:18  Roach  
  83  8:34  Ravager  
  83  8:39  Overlord  
  83  8:40  Overlord  
  84  8:42  Zerg Ground Armor Level 1  
  84  8:43  Zerg Missile Weapons Level 1  
  84  9:03  Hatchery  
  83  9:17  Queen  
  83  9:20  Hatchery  
  84  9:36  Roach x4  
  84  9:37  Overlord x3  
  92  9:43  Hydralisk Den  
  92  9:45  Zergling x2  
  92  9:57  Roach x2  
  92  9:58  Roach x8  
  111  10:19  Roach x4  
  81  10:45  Roach  
  81  10:46  Roach x3  
  81  11:03  Drone x2  
  83  11:08  Extractor  
  83  11:10  Extractor  
  81  11:21  Muscular Augments, Hydralisk x4  
  81  11:22  Roach x4  
  81  11:24  Overlord x3, Hydralisk x3  
  103  11:35  Drone x4  
  103  11:36  Overlord x2  
  103  11:37  Hydralisk x2  
  111  11:47  Overseer  
  111  11:51  Drone x3, Overlord  
  114  11:56  Hydralisk  
  114  11:57  Roach x2, Hydralisk  
  122  12:07  Roach x2, Hydralisk x3  
  122  12:08  Roach x2, Hydralisk x2  
Show
View Real Time Build Order
Export as new Build Order

DuDz Zerg - Winner!

Build Orders: Pool First 

Get SALT Encoding   

  12  0:04  Drone  
  13  0:09  Drone  
  14  0:18  Overlord  
  14  0:25  Extractor, Drone  
  15  0:37  Drone x2  
  17  0:47  Spawning Pool  
  17  0:50  Drone  
  17  0:54  Extractor  
  16  0:58  Drone  
  17  1:19  Hatchery  
  17  1:22  Drone  
  17  1:34  Queen  
  17  1:38  Zergling x2  
  20  1:41  Zergling x2  
  21  1:49  Overlord  
  21  1:58  Drone  
  21  2:01  Metabolic Boost  
  22  2:08  Drone  
  22  2:15  Queen  
  25  2:18  Drone  
  26  2:24  Drone  
  27  2:36  Drone  
  27  2:37  Drone  
  29  2:45  Overlord, Baneling Nest  
  29  2:46  Zergling x2  
  29  2:56  Queen  
  31  2:59  Drone  
  32  3:06  Zergling x2  
  32  3:07  Zergling x2  
  32  3:10  Drone  
  32  3:11  Drone  
  36  3:24  Drone x2  
  36  3:25  Drone x3  
  41  3:32  Overlord  
  41  3:34  Drone  
  41  3:44  Drone x3  
  44  4:00  Baneling  
  44  4:01  Baneling x2, Drone x3  
  47  4:08  Extractor, Roach Warren  
  47  4:09  Extractor  
  40  4:18  Zergling x2  
  40  4:19  Zergling x14  
  48  4:31  Hatchery  
  48  4:32  Drone  
  48  4:42  Overlord  
  48  4:43  Drone x3  
  50  5:04  Roach  
  50  5:05  Roach x4  
  58  5:07  Overlord x2  
  56  5:20  Roach  
  56  5:21  Roach x2  
  58  5:35  Spore Crawler  
  55  5:45  Drone x2, Overlord  
  55  5:49  Drone x3  
  60  5:52  Extractor  
  60  5:53  Spore Crawler  
  60  5:56  Drone x3  
  61  5:58  Spore Crawler  
  61  6:02  Spore Crawler  
  59  6:08  Lair  
  59  6:09  Drone x2  
  55  6:32  Roach  
  53  6:33  Roach x6  
  61  6:47  Roach x4  
  61  6:49  Drone  
  68  6:57  Roach x2  
  72  7:03  Roach  
  74  7:10  Roach  
  74  7:11  Roach x5  
  86  7:16  Roach x2  
  86  7:19  Overlord x2  
  86  7:22  Overlord  
  90  7:31  Overlord x2  
  88  7:46  Roach x6  
  88  7:47  Roach  
  102  7:52  Overlord  
  96  8:08  Roach x5  
  106  8:17  Roach  
  106  8:18  Roach x4  
  108  8:23  Roach x3  
  106  8:39  Glial Reconstitution  
  104  8:44  Ravager x4  
  104  8:45  Ravager x4  
  104  8:48  Drone x6  
  114  8:49  Drone  
  117  8:57  Drone x2  
  117  9:11  Pneumatized Carapace  
  117  9:15  Hydralisk Den  
  117  9:16  Drone  
  118  9:17  Drone x2, Evolution Chamber  
  118  9:18  Drone x4  
  118  9:19  Evolution Chamber  
  118  9:23  Extractor  
  120  9:24  Extractor  
  119  9:36  Overlord x2  
  119  9:37  Overlord x2  
  121  9:45  Roach  
  121  9:46  Roach x4  
  129  9:53  Muscular Augments  
  125  10:16  Roach  
  125  10:17  Roach x11  
  147  10:28  Roach x6  
  130  10:42  Roach x7  
  114  11:01  Hatchery, Hydralisk  
  114  11:02  Hydralisk x3  
  121  11:04  Zergling x2  
  122  11:12  Hydralisk  
  122  11:13  Hydralisk x2  
  122  11:14  Zergling x2  
  129  11:24  Ravager x5  
  134  11:26  Zergling x2  
  134  11:27  Zergling x8  
  134  11:29  Drone  
  140  11:37  Drone  
  141  11:44  Hydralisk  
  141  11:46  Zergling x12  
  149  12:06  Roach  
  149  12:07  Roach x9  
  161  12:17  Overlord x3  
  155  12:26  Roach  
  155  12:27  Roach x4  
  154  12:32  Zergling x2  
  154  12:33  Zergling x4  
Tags
 
Add a new tag
Caveats
  • Supply blocks, unpowered buildings, or Contaminate may cause inaccurate times.
  • Supply counts are checked every 10 seconds.